 Dungeon Crawl Stone Soup version 0.22-a0-567-gff9aefc (webtiles) character file.

75 lemonriz the Stinger (level 4, -3/36 HPs)
             Began as a Naga Venom Mage on June 29, 2018.
             Slain by a worm (10 damage)
             ... on level 2 of the Dungeon.
             The game lasted 00:05:05 (1708 turns).

lemonriz the Stinger (Naga Venom Mage)              Turns: 1708, Time: 00:05:06

Health: -3/36      AC:  2    Str: 10    XL:     4   Next: 31%
Magic:  0/7        EV: 25    Int: 17    God:
Gold:   104        SH:  0    Dex: 11    Spells: 5/8 levels left

rFire    . . .     SeeInvis +   d - +0 dagger
rCold    . . .     Gourm    .   (no shield)
rNeg     . . .     Faith    .   a - +0 robe
rPois    +         Spirit   .   (no helmet)
rElec    .         Reflect  .   (no cloak)
rCorr    .         Harm     .   (no gloves)
MR       .....                  (no barding)
Stlth    ++........             f - amulet of the acrobat
HPRegen  0.12/turn              (no ring)
MPRegen  0.10/turn              (no ring)

@: very slightly contaminated, very slow
A: large, see invisible, deformed body, poison resistance, slowness 2, slow
metabolism 1, spit poison 1, AC +1
a: Spit Poison


You were on level 2 of the Dungeon.
You were not hungry.

You visited 1 branch of the dungeon, and saw 2 of its levels.

You collected 104 gold pieces.

Inventory:

Hand Weapons
 d - a +0 dagger (weapon)
Armour
 a - a +0 robe (worn)
Jewellery
 f - an amulet of the acrobat (around neck)
Scrolls
 g - a scroll of identify
Potions
 e - a potion of magic
Comestibles
 b - 2 chunks of flesh
 c - 7 rations


   Skills:
 - Level 2.0 Dodging
 + Level 4.1 Stealth
 + Level 2.5 Spellcasting
 + Level 1.9 Conjurations
 + Level 1.3 Air Magic
 - Level 4.1 Poison Magic


You had 5 spell levels left.
You knew the following spells:

 Your Spells              Type           Power        Failure   Level  Hunger
a - Sting                 Conj/Pois      ##..         5%          1    #......
b - Poisonous Vapours     Pois/Air       ##....       9%          2    ##.....

Your spell library contained the following spells:

 Spells                   Type           Power        Failure   Level  Hunger
 Mephitic Cloud           Conj/Pois/Air  ##......     21%         3    ###....
 Venom Bolt               Conj/Pois      ##........   82%         5    ######.
 Olgreb's Toxic Radiance  Pois           ###.....     32%         4    #####..


Dungeon Overview and Level Annotations

Branches:
Dungeon (2/15)

Altars:


Innate Abilities, Weirdness & Mutations

You cannot wear boots.
Your serpentine skin is tough. (AC +1)
You have supernaturally acute eyesight. (SInv)
Armour fits poorly on your strangely shaped body.
Your system is resistant to poisons. (rPois)
You cover ground very slowly.
You have a slow metabolism.
You can spit poison.


Message History

Press: ? - help, Shift-Dir - straight line, f/p - goblin
Aim: a goblin, wielding a dagger of protection The sting hits the goblin.
The goblin appears unharmed.
The goblin closely misses you.
Casting: Sting (safe; 5% risk of failure)
Confirm with . or Enter, or press ? or * to list all spells.
You don't have enough magic to cast that spell.
The goblin closely misses you. The worm bites you.
* * * LOW HITPOINT WARNING * * *
The goblin completely misses you. The goblin completely misses you.
The worm completely misses you.
Casting: Sting (safe; 5% risk of failure)
Confirm with . or Enter, or press ? or * to list all spells.
You don't have enough magic to cast that spell.
The goblin hits you with a dagger of protection.
* * * LOW HITPOINT WARNING * * *
The worm misses you. The goblin completely misses you. The goblin misses you.
The worm closely misses you. The goblin closely misses you. The worm bites you!
You die...

#......########
##.......#.....#
#......#...h...#
#........##.#.....
#.......## .# #..
#.#####.# .. #.
#.# .)# # #g## g#.
#.@# .### ##w# .#
#... #. ...... ..
#..!.## #. #.####
#. ... #. ### #.
#.


You could see a worm and a goblin.

Vanquished Creatures
  Natasha (D:2)
  4 worms (D:2)
  A dart slug (D:2)
  4 bats
  3 giant cockroaches (D:1)
  10 hobgoblins
  A ball python (D:1)
  3 frilled lizards (D:1)
  5 goblins
  3 rats (D:1)
35 creatures vanquished.

Notes
Turn   | Place    | Note
-------+----------+-------------------------------------------
     0 | D:1      | lemonriz the Naga Venom Mage began the quest for the Orb.
     0 | D:1      | Reached XP level 1. HP: 15/15 MP: 3/3
   195 | D:1      | Reached XP level 2. HP: 18/22 MP: 1/5
   234 | D:1      | Learned a level 2 spell: Poisonous Vapours
   891 | D:2      | Reached XP level 3. HP: 27/28 MP: 2/6
   892 | D:2      | Noticed Natasha
  1508 | D:2      | Reached skill level 1 in Air Magic
  1694 | D:2      | Killed Natasha
  1694 | D:2      | Reached XP level 4. HP: 13/36 MP: 1/7
  1708 | D:2      | Slain by a worm

Vault maps used:
D:1:      dpeg_arrival_tiny_i
D:2:      minmay_octomino_j4, uniq_natasha, uniq_terence

Skill      XL: |  1  2  3 |
---------------+----------+-----
Dodging        | 2 |  2.0
Air Magic      | 1 |  1.3
Stealth        | 4 |  4.1
Spellcasting   | |  2.5
Conjurations   | |  1.9
Poison Magic   | |  4.1

Action                   |  1- 3 |  4- 6 || total
-------------------------+-------+-------++-------
Melee: Dagger            |    29 |       ||    29
       Unarmed           |     3 |       ||     3
 Cast: Sting             |    60 |     2 ||    62
       Poisonous Vapours |     7 |       ||     7
  Use: Scroll            |       |     2 ||     2
  Eat: Chunk             |     3 |       ||     3
Armor: Robe              |     5 |     2 ||     7
Dodge: Dodged            |    54 |    12 ||    66

Table legend:
 A = Spawn XP
 B = Non-spawn XP
 C = Spawn XP percentage of total XP
 D = Spawn monster count
 E = Non-spawn monster count
 F = Spawn count percentage of total count
 G = Total turns spent on level
                    A         B        C        D         E        F      G
               +---------+---------+-------+---------+---------+-------+---------
         Total |       0 |     108 |   0.0 |       0 |      35 |   0.0 |  1708
               +---------+---------+-------+---------+---------+-------+---------
           D:1 |       0 |      34 |   0.0 |       0 |      21 |   0.0 |  1039
           D:2 |       0 |      74 |   0.0 |       0 |      14 |   0.0 |   669
               +---------+---------+-------+---------+---------+-------+---------
